 Dungeon Sprint DCSS version 0.30-a0-949-g53dc5368d7 (webtiles) character file.

Game seed: 193278434834490897

2500000 BigDaddyOpFi the Pandemonic (level 16, -81/150 HPs)
             Began as a Gnoll Monk on Mar 27, 2023.
             Was a High Priest of Makhleb.
             Annihilated by a large bag of meat
             ... wielding a +9 giant spiked club
              (109 damage)
             ... in the Dungeon (Sprint VIII: "Arena of Blood").
             The game lasted 00:01:25 (25 turns).

BigDaddyOpFi the Pandemonic (Gnoll Monk)              Turns: 25, Time: 00:01:26

Health: -81/150    AC:  3    Str: 18    XL:     16   Next: 66%
Magic:  4/39       EV: 22    Int: 11    God:    Makhleb [*****.]
Gold:   0          SH:  0    Dex: 14    Spells: 54/54 levels left

rFire   . . .      SeeInvis .    i - +∞ Axe of Woe
rCold   . . .      Faith    .    (shield currently unavailable)
rNeg    . . .      Spirit   .    a - +0 robe
rPois   .          Reflect  .    (no helmet)
rElec   .          Rampage  .    (no cloak)
rCorr   .          NoTele   +    (no gloves)
Will    +....                    (no boots)
Stlth   +++++++                  (no amulet)
HPRegen 0.45/turn                (no ring)
MPRegen 0.26/turn                (no ring)

@: no status effects
A: fangs 1, strong nose, distributed training
a: Renounce Religion, Minor Destruction, Lesser Servant of Makhleb, Major
Destruction, Greater Servant of Makhleb


You were in the Dungeon.
You worshipped Makhleb.
Makhleb was extremely pleased with you.
You visited 1 branch

Inventory:

Hand Weapons
 i - the +∞ Axe of Woe (weapon)
   (You found it in the Dungeon)
Armour
 a - a +0 robe (worn)
Scrolls
 h - a scroll of blinking
Potions
 b - a potion of ambrosia
 c - a potion of curing
 d - a potion of heal wounds
 e - a potion of haste
 f - 2 potions of magic
 g - a potion of berserk rage


   Skills:
 + Level 20.4 Fighting
 + Level 19.5 Short Blades
 + Level 19.5 Long Blades
 + Level 19.5 Axes
 + Level 19.5 Maces & Flails
 + Level 19.5 Polearms
 + Level 19.5 Staves
 + Level 19.5 Ranged Weapons
 + Level 19.5 Throwing
 + Level 19.5 Armour
 + Level 20.4 Dodging
 + Level 19.9 Stealth
 + Level 19.5 Shields
 + Level 20.4 Unarmed Combat
 + Level 19.5 Spellcasting
 + Level 16.6 Conjurations
 + Level 16.6 Hexes
 + Level 16.6 Summonings
 + Level 16.6 Necromancy
 + Level 16.6 Translocations
 + Level 16.6 Transmutations
 + Level 16.6 Fire Magic
 + Level 16.6 Ice Magic
 + Level 16.6 Air Magic
 + Level 16.6 Earth Magic
 + Level 16.6 Poison Magic
 + Level 21.1 Invocations
 + Level 19.5 Evocations


You had 54 spell levels left.
You didn't know any spells.
Your spell library was empty.

Dungeon Overview and Level Annotations

Branches:
Dungeon (1/1)

Altars:
Makhleb


Innate Abilities, Weirdness & Mutations

You have very sharp teeth.
Your uncanny sense of smell can sniff out nearby items.
Your experience applies equally to all skills.


Message History

Your Summonings skill increases to level 16!
Your Necromancy skill increases to level 16!
Your Translocations skill increases to level 16!
Your Transmutations skill increases to level 16!
Your Fire Magic skill increases to level 16!
Your Ice Magic skill increases to level 16!
Your Air Magic skill increases to level 16!
Your Earth Magic skill increases to level 16!
Your Poison Magic skill increases to level 16!
Your Invocations skill increases to level 20!
Your Evocations skill gained 2 levels and is now at level 19!
You have reached level 16!
You feel stronger.
Unknown command.
You slash the bag of meat!
You dissect the bag of meat like a pig carcass.
You kill the bag of meat!
Makhleb accepts your kill.
You feel better.
You are engulfed in blazing flames.
You hear a shout! x6
A bag of meat comes into view. It is wielding a +9 war axe.
You hear a shout!
A bag of meat comes into view. It is wielding a +9 war axe.
You hear a shout!
The destroyer points at you and mumbles some strange words.
The destroyer blinks!
You hear a shout! x5
Your Invocations skill increases to level 21!
Unknown command.
Unknown command.
You hear a shout! x8; You hear two shouts!
Items here: ))) === ††.
Unknown command.
Unknown command.
The large bag of meat attacks as you move away!
The large bag of meat hits you with a +9 giant spiked club!!!
* * * LOW HITPOINT WARNING * * *
The large bag of meat hits you with a +9 giant spiked club!!!!
Ouch! That really hurt!
You die...

.. ..... #..
.o.# #.. ...# .
.###.. ...###o.
......###...o..
..§.V.)§§§.....
#.)§°§# #_o§§§#
#.)@..#
......o_O......
......###......
.###.o ...###..
#.. ...# . #..
...# .. .....
.. ..


You could see a destroyer, a large bag of meat (inner flame) and 5 bags of meat.

Vanquished Creatures
  3 ogres (D)
  A two-headed ogre (D)
  9 orcs (D)
13 creatures vanquished.

Notes
Turn   | Place    | Note
-------+----------+-------------------------------------------
     0 | D        | Found the +∞ Axe of Woe
     0 | D        | BigDaddyOpFi the Gnoll Monk began the quest for the Orb.
     0 | D        | Reached XP level 1. HP: 23/23 MP: 1/1
     2 | D        | Noticed a bag of meat
     3 | D        | Noticed a bag of meat
     4 | D        | Became a worshipper of Makhleb the Destroyer
     4 | D        | Reached * piety under Makhleb
     4 | D        | Reached ** piety under Makhleb
     4 | D        | Noticed a bag of meat
     5 | D        | Noticed a bag of meat
     7 | D        | Noticed a bag of meat
     9 | D        | Killed a bag of meat
     9 | D        | Noticed a meat berserker
    10 | D        | Reached skill level 10 in Short Blades
    10 | D        | Reached skill level 10 in Long Blades
    10 | D        | Reached skill level 10 in Axes
    10 | D        | Reached skill level 10 in Maces & Flails
    10 | D        | Reached skill level 10 in Polearms
    10 | D        | Reached skill level 10 in Staves
    10 | D        | Reached skill level 10 in Ranged Weapons
    10 | D        | Reached skill level 10 in Throwing
    10 | D        | Reached skill level 10 in Armour
    10 | D        | Reached skill level 10 in Stealth
    10 | D        | Reached skill level 10 in Shields
    10 | D        | Reached skill level 10 in Spellcasting
    10 | D        | Reached skill level 11 in Invocations
    10 | D        | Reached skill level 10 in Evocations
    10 | D        | Reached XP level 2. HP: 38/38 MP: 1/13
    10 | D        | Reached XP level 3. HP: 44/44 MP: 1/14
    10 | D        | Reached XP level 4. HP: 51/51 MP: 1/16
    10 | D        | Reached XP level 5. HP: 57/57 MP: 1/17
    10 | D        | Reached XP level 6. HP: 64/64 MP: 1/19
    10 | D        | Reached XP level 7. HP: 69/69 MP: 1/20
    10 | D        | Reached XP level 8. HP: 76/76 MP: 1/22
    10 | D        | Reached XP level 9. HP: 82/82 MP: 1/23
    10 | D        | Reached XP level 10. HP: 89/89 MP: 1/24
    10 | D        | Reached XP level 11. HP: 95/95 MP: 1/25
    10 | D        | Noticed a meat berserker
    12 | D        | Killed a meat berserker
    13 | D        | Reached skill level 10 in Conjurations
    13 | D        | Reached skill level 10 in Hexes
    13 | D        | Reached skill level 10 in Summonings
    13 | D        | Reached skill level 10 in Necromancy
    13 | D        | Reached skill level 10 in Translocations
    13 | D        | Reached skill level 10 in Transmutations
    13 | D        | Reached skill level 10 in Fire Magic
    13 | D        | Reached skill level 10 in Ice Magic
    13 | D        | Reached skill level 10 in Air Magic
    13 | D        | Reached skill level 10 in Earth Magic
    13 | D        | Reached skill level 10 in Poison Magic
    13 | D        | Reached skill level 13 in Invocations
    13 | D        | Reached XP level 12. HP: 11/107 MP: 1/28
    13 | D        | Killed a bag of meat
    13 | D        | Noticed a bag of meat
    13 | D        | Noticed a bag of meat
    13 | D        | Noticed a bag of meat
    14 | D        | Reached skill level 14 in Invocations
    14 | D        | Reached XP level 13. HP: 35/114 MP: 1/30
    14 | D        | Killed a meat berserker
    14 | D        | Reached *** piety under Makhleb
    14 | D        | Noticed a meat berserker
    14 | D        | Noticed a bag of meat
    15 | D        | Reached skill level 15 in Stealth
    15 | D        | Reached skill level 16 in Invocations
    15 | D        | Reached XP level 14. HP: 66/125 MP: 2/32
    15 | D        | Noticed a bag of meat
    15 | D        | Noticed a bag of meat
    15 | D        | Noticed a bag of meat
    16 | D        | Noticed a bag of meat
    16 | D        | Noticed a bag of meat
    17 | D        | Killed a bag of meat
    18 | D        | Reached skill level 15 in Short Blades
    18 | D        | Reached skill level 15 in Long Blades
    18 | D        | Reached skill level 15 in Axes
    18 | D        | Reached skill level 15 in Maces & Flails
    18 | D        | Reached skill level 15 in Polearms
    18 | D        | Reached skill level 15 in Staves
    18 | D        | Reached skill level 15 in Ranged Weapons
    18 | D        | Reached skill level 15 in Throwing
    18 | D        | Reached skill level 15 in Armour
    18 | D        | Reached skill level 15 in Shields
    18 | D        | Reached skill level 15 in Spellcasting
    18 | D        | Reached skill level 15 in Evocations
    18 | D        | Noticed a bag of meat
    18 | D        | Noticed a bag of meat
    19 | D        | Killed a bag of meat
    19 | D        | Killed a meat berserker
    19 | D        | Reached **** piety under Makhleb
    19 | D        | Noticed a bag of meat
    20 | D        | Reached skill level 18 in Invocations
    20 | D        | Reached XP level 15. HP: 91/136 MP: 3/35
    20 | D        | Noticed a destroyer
    21 | D        | Reached skill level 15 in Conjurations
    21 | D        | Reached skill level 15 in Hexes
    21 | D        | Reached skill level 15 in Summonings
    21 | D        | Reached skill level 15 in Necromancy
    21 | D        | Reached skill level 15 in Translocations
    21 | D        | Reached skill level 15 in Transmutations
    21 | D        | Reached skill level 15 in Fire Magic
    21 | D        | Reached skill level 15 in Ice Magic
    21 | D        | Reached skill level 15 in Air Magic
    21 | D        | Reached skill level 15 in Earth Magic
    21 | D        | Reached skill level 15 in Poison Magic
    21 | D        | Reached skill level 19 in Invocations
    21 | D        | Noticed a large bag of meat
    21 | D        | Noticed a large bag of meat
    22 | D        | Reached ***** piety under Makhleb
    22 | D        | Killed a large bag of meat
    22 | D        | Noticed a meat berserker
    23 | D        | Reached skill level 20 in Invocations
    23 | D        | Reached XP level 16. HP: 92/148 MP: 4/39
    24 | D        | Reached skill level 21 in Invocations
    25 | D        | Annihilated by a large bag of meat

Illustrated notes

Levels and vault maps discovered:
D:        meatsprint

Skill      XL: |  1  2  3  4  5  6  7  8  9 10 11 12 13 14 15 16 |
---------------+-------------------------------------------------+-----
Fighting       | 11 14 16 17 20 | 20.4
Short Blades   | 10 12 13 14 16 19 | 19.5
Long Blades    | 10 12 13 14 16 19 | 19.5
Axes           | 10 12 13 14 16 19 | 19.5
Maces & Flails | 10 12 13 14 16 19 | 19.5
Polearms       | 10 12 13 14 16 19 | 19.5
Staves         | 10 12 13 14 16 19 | 19.5
Ranged Weapons | 10 12 13 14 16 19 | 19.5
Throwing       | 10 12 13 14 16 19 | 19.5
Armour         | 10 12 13 14 16 19 | 19.5
Dodging        | 11 14 16 17 20 | 20.4
Stealth        | 10 13 14 15 17 19 | 19.9
Shields        | 10 12 13 14 16 19 | 19.5
Unarmed Combat | 11 14 16 17 20 | 20.4
Spellcasting   | 10 12 13 14 16 19 | 19.5
Conjurations   | 8 10 11 12 14 16 | 16.6
Hexes          | 8 10 11 12 14 16 | 16.6
Summonings     | 8 10 11 12 14 16 | 16.6
Necromancy     | 8 10 11 12 14 16 | 16.6
Translocations | 8 10 11 12 14 16 | 16.6
Transmutations | 8 10 11 12 14 16 | 16.6
Fire Magic     | 8 10 11 12 14 16 | 16.6
Ice Magic      | 8 10 11 12 14 16 | 16.6
Air Magic      | 8 10 11 12 14 16 | 16.6
Earth Magic    | 8 10 11 12 14 16 | 16.6
Poison Magic   | 8 10 11 12 14 16 | 16.6
Invocations    | 11 13 14 16 18 20 21 | 21.1
Evocations     | 10 12 13 14 16 19 | 19.5

Action                     |  1- 3 |  4- 6 |  7- 9 | 10-12 | 13-15 | 16-18 || total
---------------------------+-------+-------+-------+-------+-------+-------++-------
  Melee: Executioner's axe |     1 |       |       |     2 |     5 |     1 ||     9

Table legend: (Time is in decaauts)
 A = Elapsed time spent in this place.
 B = Non-inter-level travel time spent in this place.
 C = Inter-level travel time spent in this place.
 D = Time resting spent in this place.
 E = Time spent auto-exploring this place.
 F = Levels seen in this place.
 G = Mean time per level.
                   A        B        C        D        E       F      G
               +--------+--------+--------+--------+--------+-----+--------+
         Total |     26 |     26 |      0 |      0 |      0 |   1 |   26.0 |
       Dungeon |     26 |     26 |      0 |      0 |      0 |   1 |   26.0 |
               +--------+--------+--------+--------+--------+-----+--------+

Top non-repeatable levels by time:
       D: 26 daAuts
